 Dungeon Crawl Stone Soup version 0.31-a0-145-g046c7d2549 (webtiles) character file.

Game seed: 6068913963455940285

106833 Drazool the Marksspriggan (level 15, -7/80 HPs)
             Began as a Spriggan Hunter on June 6, 2023.
             Was a High Priest of Fedhas.
             Mangled by Agnes
             ... wielding a +1 lajatang of speed
              (37 damage)
             ... on level 15 of the Dungeon on June 7, 2023.
             The game lasted 01:58:50 (28257 turns).

Drazool the Marksspriggan (Spriggan Hunter)        Turns: 28257, Time: 01:58:53

Health: -7/80      AC:  8    Str:  7    XL:     15   Next: 98%
Magic:  27/27      EV: 27    Int: 13    God:    Fedhas [*****.]
Gold:   1614       SH:  0    Dex: 26    Spells: 14/14 levels left

rFire   + + .        B - +1 orcbow (freeze)
rCold   + + .        (shield currently unavailable)
rNeg    . . .        R - +0 troll leather armour of Patterns {Will++ Regen+ SInv}
rPois   .            (helmet restricted)
rElec   .            W - scarf of Sunlight {rC+ rF+, Int+2}
rCorr   .            (gloves unavailable)
SInv    +            (boots unavailable)
Will    +++++        p - amulet of the acrobat
Stlth   ++++++       C - ring of protection from cold
HPRegen 1.13/turn    T - +4 ring of protection
MPRegen 0.20/turn

%: acrobat
@: about to teleport, very quick
A: very small, no large weapons, unfitting armour, see invisible, speed 3, fire
resistance 1, strong-willed 1
a: Renounce Religion, Wall of Briars, Grow Ballistomycete, Overgrow, Grow Oklob


You were on level 15 of the Dungeon.
You worshipped Fedhas.
Fedhas was extremely pleased with you.
You visited 4 branches of the dungeon, and saw 23 of its levels.
You also visited: Ice Cave.

You collected 2136 gold pieces.
You spent 522 gold pieces at shops.


Innate Abilities, Weirdness & Mutations

You are very small and have problems with some larger weapons.
You are too small for most types of armour.
You have supernaturally acute eyesight. (SInv)
You cover ground extremely quickly. (Speed+++)
Your flesh is heat resistant. (rF+)
You are strong-willed. (Will+)


   Skills:
 + Level 10.3 Fighting
 - Level 16.0 Ranged Weapons
 + Level 10.9 Dodging
 - Level 14.0 Stealth
 - Level 15.0 Invocations
 + Level 13.9 Evocations


You had 14 spell levels left.
You didn't know any spells.
Your spell library contained the following spells:

 Spells                   Type           Power      Damage    Failure   Level
 Apportation              Tloc           0%         N/A       43%         1
 Necrotise                Necr           0%         1d4       43%         1
 Summon Small Mammal      Summ           0%         N/A       43%         1
 Cigotuvi's Dreadful Rot  Necr/Pois/Air  0%         N/A       56%         2
 Ignite Poison            Fire/Tmut/Pois 0%         N/A       80%         3
 Ozocubu's Armour         Ice            0%         N/A       80%         3
 Vampiric Draining        Necr           0%         2d6       80%         3
 Volatile Blastmotes      Fire/Tloc      0%         2d10      80%         3
 Animate Dead             Necr           0%         N/A       99%         4
 Fulminant Prism          Conj/Hex       0%         3d5       99%         4
 Iskenderun's Mystic Bla  Conj/Tloc      0%         2d3       99%         4
 Leda's Liquefaction      Hex/Erth       0%         N/A       99%         4
 Passage of Golubria      Tloc           0%         N/A       99%         4
 Sticky Flame             Conj/Fire      0%         2d3       99%         4
 Agony                    Necr           0%         N/A       100%        5
 Borgnjor's Vile Clutch   Necr/Erth      0%         N/A       100%        5
 Freezing Cloud           Conj/Ice/Air   0%         6-21      100%        5
 Lee's Rapid Deconstruct  Erth           0%         3d4*      100%        5
 Silence                  Hex/Air        0%         N/A       100%        5
 Death Channel            Necr           0%         N/A       100%        6
 Leda's Unmaking          Conj/Erth      0%         9d1       100%        6
 Statue Form              Tmut/Erth      0%         N/A       100%        6
 Ozocubu's Refrigeration  Ice            0%         4d7       100%        7
 Ignition                 Fire           0%         3d3       100%        8
 Lehudib's Crystal Spear  Conj/Erth      0%         10d2      100%        8

Inventory:

Hand Weapons
 a - a +0 shortbow
 B - a +1 orcbow of freezing (weapon)
Missiles
 q - 3 throwing nets {=f}
Armour
 h - a scarf of repulsion
 R - the +0 troll leather armour of Patterns (worn) {Will++ Regen+ SInv}
   (You bought it in a shop on level 2 of the Orcish Mines)

   SInv:      It lets you see invisible.
   Regen:     It increases your rate of health regeneration.
   Will:      It greatly increases your willpower.
 W - the scarf of Sunlight (worn) {rC+ rF+, Int+2}
   (You found it on level 13 of the Dungeon)

   Int:       It affects your intelligence (+2).
Magical Staves
 n - the staff of earth "Ceowycse" {Fly rN++ Str-5 SInv, !a}
   (You found it on level 7 of the Dungeon)

   [staff of earth]

   Base accuracy: +5 Base damage: 5 Base attack delay: 1.2 This weapon's minimum
   attack delay (0.6) is reached at skill level 12.
   Str:       It affects your strength (-5).
   rN:        It greatly protects you from negative energy.
   SInv:      It lets you see invisible.
   Fly:       It grants you flight.
   It falls into the 'Staves' category.
   It is a two-handed weapon.
Jewellery
 p - an amulet of the acrobat (around neck)
 w - an amulet of guardian spirit
 y - the amulet of Oenomania {Spirit Rampage}
   (You found it on level 7 of the Dungeon)

   [amulet of guardian spirit]

   It causes incoming damage to be divided between your reserves of health and
   magic.
   Rampage:   It bestows one free step when moving towards enemies.
 C - a ring of protection from cold (left hand)
 L - a ring of flight
 N - an amulet of faith {!P}
 Q - an amulet of magic regeneration
 S - a +6 ring of strength
 T - a +4 ring of protection (right hand)
Wands
 r - a wand of flame (16)
 s - a wand of iceblast (24)
 z - a wand of charming (31)
 I - a wand of mindburst (10)
 M - a wand of polymorph (15)
 O - a wand of digging (3)
 P - a wand of acid (6)
Scrolls
 b - 3 scrolls of amnesia
 c - a scroll of enchant armour
 g - 7 scrolls of immolation
 i - 3 scrolls of fear
 k - a scroll of teleportation {@r2}
 x - 2 scrolls of poison
 E - a scroll of summoning
 F - a scroll of vulnerability
 G - a scroll of silence {!r}
 H - a scroll of fog
 K - 5 scrolls of identify {@r1}
 U - 2 scrolls of enchant weapon
 Y - a scroll of magic mapping
Potions
 d - 6 potions of curing {@q1}
 e - 2 potions of mutation
 f - 6 potions of brilliance
 j - 4 potions of lignification
 l - 2 potions of degeneration
 m - 4 potions of enlightenment
 o - 3 potions of heal wounds {@q2}
 t - a potion of ambrosia
 u - 3 potions of resistance
 v - 5 potions of might
 A - 3 potions of cancellation
 D - a potion of magic
 J - 3 potions of attraction
 V - a potion of berserk rage {unknown}
Miscellaneous
 X - a lightning rod (4/4)

Dungeon Overview and Level Annotations

Branches:
Dungeon (15/15)            Temple (1/1) D:4            Lair (5/5) D:8
 Shoals (0/4) Lair:2       Spider (0/4) Lair:2        Slime (0/5) Lair:5
    Orc (2/2) D:9             Elf (0/3) Orc:2        Vaults (0/5) D:13
  IceCv (visited)
 Depths: D:15

Altars:
Dithmenos
Fedhas
Hepliaklqana
Kikubaaqudgha
Makhleb
Nemelex Xobeh
Okawaru
Qazlal
Wu Jian
Xom
The Shining One
Jiyva
Lugonu

Shops:
D:6 [   D:10 :(   Orc:2 [[[[

Portals:
Abyss: Lair:5

Annotations:
D:4 2 transporters
D:7 5 runed translucent doors, Crazy Yiuf
D:10 1 runed translucent door, drugrobin's ghost, journeyman DgDe
D:14 Azrael
D:15 Agnes
Lair:2 Gastronok

##########
#....!...#
#..?.....#
#........#
#........#
#........#
###.yiy....###
#.?..@.yy....#
#......y...#.#
#...#########....
## .... #..<. ..
#.. #....# .# ..
F.y. .# # .y.##.#
#. #.y..
##...#..###


You could see Agnes, 2 vampire mosquitoes and 3 meliai.


Message History

Agnes and 2 vampire mosquitoes come into view.
Agnes is wielding a +1 lajatang of speed.
Found three items.
As you read the scroll of teleportation {@r2}, it crumbles to dust.
You feel strangely unstable.
Agnes shouts!
The vampire mosquito buzzes angrily.
The meliai buzzes angrily.
The meliai calls down the wrath of its god upon you.
Something smites you!
Agnes says, "I despise a dishonourable opponent."
The meliai buzzes angrily.
The vampire mosquito buzzes angrily.
You feel much better. The vampire mosquito misses you.
The meliai calls down the wrath of its god upon you.
Something smites you! The meliai closely misses you.
The meliai stings you but does no damage.
The meliai mumbles some strange prayers to its god against you.
Something smites you! The vampire mosquito barely misses you.
The meliai invokes the aid of its god against you.
Something smites you!
* * * LOW HITPOINT WARNING * * *
The vampire mosquito completely misses you.
Unknown command.
As you read the scroll of fear, it crumbles to dust.
You assume a fearsome visage.
Agnes easily resists.
The vampire mosquito is unaffected. x2; The meliai looks frightened! x3
Agnes completely misses you.
The vampire mosquito completely misses you.
The vampire mosquito misses you.
Agnes hits you with a +1 lajatang of speed!!!
You die...
Fedhas appreciates your contribution to the ecosystem.

Skill      XL: |  1  2  3  4  5  6  7  8  9 10 11 12 13 14 15 |
---------------+----------------------------------------------+-----
Ranged Weapons | 5 7 11 14 16 | 16.0
Dodging        | 3 4 5 7 10 | 10.9
Fighting       | 2 3 4 6 7 8 10 | 10.3
Stealth        | 8 11 14 | 14.0
Invocations    | 4 9 10 11 13 14 15 | 15.0
Evocations     | 6 11 13 | 13.9

Action                     |  1- 3 |  4- 6 |  7- 9 | 10-12 | 13-15 || total
---------------------------+-------+-------+-------+-------+-------++-------
   Fire: Shortbow          |   149 |   171 |   697 |   487 |       ||  1504
         Orcbow            |       |       |       |   625 |  2045 ||  2670
 Invoke: Wall of Briars    |       |       |     4 |    17 |    41 ||    62
         Grow Ballistomyce |       |       |       |     2 |     4 ||     6
         Grow Oklob        |       |       |       |       |     9 ||     9
  Evoke: Wand              |       |       |    13 |       |     3 ||    16
    Use: Scroll            |       |     4 |     6 |    14 |     8 ||    32
         Potion            |       |       |     5 |       |     4 ||     9
 Armour: Robe              |     2 |     1 |    12 |    13 |       ||    28
         Troll leather arm |       |       |       |     7 |    27 ||    34
  Dodge: Dodged            |    32 |    34 |   168 |   242 |   244 ||   720
         Repelled          |       |     1 |     1 |     4 |     7 ||    13

Levels and vault maps discovered:
D:1:      saegor_arrival_simple_a, layout_loops_ring,
          chequers_ecumenical_altar_simple, bh_walls_and_bars
D:2:      kennysheep_the_goblin_king, layout_basic, basic_altar
D:3:      cheibrodos_greedy_goblins, layout_basic
D:4:      gammafunk_wand_slinger, layout_basic,
          gammafunk_temple_overflow_elements, minmay_temple_entry_water_ring,
          uniq_duvessa, uniq_edmund
D:5:      layout_basic, lemuel_coloured_pillars_altar,
          kennysheep_big_empty_room, uniq_menkaure, uniq_eustachio
D:6:      layout_basic, serial_shops, shop
D:7:      layout_layer_cave, minmay_hollow_rounded_squares,
          uniq_crazy_yiuf_cottage
D:8:      layout_cave_pools, dpeg_oklobed_lair,
          hangedman_abyss_or_decor_stagger, minmay_fractal_squares_gapless_5,
          uniq_maggie, uniq_prince_ribbit1
D:9:      layout_roguey, erik_orc_2
D:10:     layout_stronghold, serial_shops, nicolae_take_the_stairs,
          nicolae_shop_tiny_statue_garden, ebering_ghost_inner_flame
D:11:     layout_long_grid, uniq_erolcha, uniq_snorg
D:12:     layout_grid_maze, portal_ice_cave_demonic_guard,
          roderic_serpentine_path, kennysheep_flooded_box
D:13:     layout_cross, grunt_vaults_entry_tiered, kennysheep_four_rooms
D:14:     cheibrodos_fzero, layout_basic, serial_demonic, serial_demonic_f,
          serial_demonic_f, serial_demonic_d, serial_demonic_d,
          minmay_strange_pillars, uniq_azrael
D:15:     hangedman_depths_entry_civil_slaughter, layout_rooms,
          nicolae_wu_jian_immortal_techniques, uniq_agnes
Temple:   hellmonk_temple_of_storms
Lair:1:   layout_regular_city, infiniplex_staircase_pool, lemuel_fruit_fields,
          lemuel_fruit_tree, uniq_amaemon, uniq_erica
Lair:2:   layout_regular_city, shoals_dummy_entry, spider_nest_entry_webs,
          infiniplex_staircase_pool_2, uniq_gastronok
Lair:3:   layout_cave_pods, chequers_serial_rivers_small_a,
          chequers_serial_rivers_micro_b, serial_bayou_shore_a, uniq_urug
Lair:4:   layout_big_grid, chequers_serial_rivers_micro_e
Lair:5:   hellmonk_lair_end_abyssal_woods, layout_long_grid, slime_entry_1,
          basic_altar, grunt_forest_large_clearings
Orc:1:    layout_caves
Orc:2:    st_orc_pillars, layout_diamond_mine

Notes
Turn   | Place    | Note
-------+----------+-------------------------------------------
     0 | D:1      | Drazool the Spriggan Hunter began the quest for the Orb.
     0 | D:1      | Reached XP level 1. HP: 10/10 MP: 2/2
   128 | D:1      | Found a faded altar of an unknown god.
   187 | D:1      | Reached XP level 2. HP: 14/14 MP: 3/3
   464 | D:1      | Reached skill level 5 in Ranged Weapons
   482 | D:1      | Reached XP level 3. HP: 18/18 MP: 4/4
  1124 | D:2      | Found an iron altar of Okawaru.
  1306 | D:2      | Reached XP level 4. HP: 22/22 MP: 5/5
  1352 | D:2      | Identified the +2 short sword "Tuceschoho" {freeze, rN+
                  | rCorr Str+3 Dex+3}
  1850 | D:3      | Reached skill level 6 in Ranged Weapons
  2368 | D:4      | Found a staircase to the Ecumenical Temple.
  2383 | Temple   | Entered the Ecumenical Temple
  2390 | Temple   | Became a worshipper of Fedhas Madash
  2448 | D:4      | Found a transporter.
  2464 | D:4      | Noticed Edmund
  2552 | D:4      | Killed Edmund
  2553 | D:4      | Reached skill level 7 in Ranged Weapons
  2553 | D:4      | Reached skill level 3 in Dodging
  2553 | D:4      | Reached XP level 5. HP: 26/26 MP: 6/6
  2605 | D:4      | Noticed Dowan
  2606 | D:4      | Noticed Duvessa
  2749 | D:4      | Killed Duvessa
  2750 | D:4      | Reached skill level 2 in Fighting
  2750 | D:4      | Reached skill level 4 in Dodging
  2750 | D:4      | Reached XP level 6. HP: 32/32 MP: 7/7
  2809 | D:4      | Killed Dowan
  2991 | D:4      | Found a transporter.
  3067 | D:4      | Found a hazy altar of Hepliaklqana.
  3067 | D:4      | Found a stormy altar of Qazlal.
  3178 | D:5      | Entered Level 5 of the Dungeon
  3271 | D:4      | Reached skill level 3 in Fighting
  3271 | D:4      | Reached skill level 5 in Dodging
  3271 | D:4      | Reached XP level 7. HP: 33/36 MP: 8/8
  3611 | D:5      | Reached skill level 6 in Dodging
  3795 | D:5      | Reached skill level 4 in Fighting
  3882 | D:5      | Reached * piety under Fedhas
  4161 | D:5      | Noticed Eustachio
  4208 | D:5      | Found a glowing golden altar of the Shining One.
  4253 | D:5      | Killed Eustachio
  4254 | D:5      | Reached skill level 7 in Dodging
  4254 | D:5      | Reached XP level 8. HP: 29/42 MP: 9/9
  4581 | D:5      | Noticed Menkaure
  4591 | D:5      | Killed Menkaure
  4621 | D:5      | Reached skill level 2 in Stealth
  4943 | D:5      | Reached skill level 3 in Stealth
  4976 | D:6      | Reached skill level 5 in Stealth
  5136 | D:6      | Reached skill level 6 in Stealth
  5179 | D:6      | Gained mutation: Your flesh is heat resistant. (rF+)
                  | [potion of mutation]
  5179 | D:6      | Gained mutation: You are strong-willed. (Will+) [potion of
                  | mutation]
  5449 | D:5      | Reached skill level 7 in Stealth
  5705 | D:6      | Found Egoum's Antique Armour Emporium.
  5849 | D:5      | Reached skill level 8 in Stealth
  5849 | D:5      | Reached skill level 1 in Invocations
  5913 | D:6      | Reached skill level 2 in Invocations
  6287 | D:5      | Reached skill level 3 in Invocations
  6435 | D:6      | Reached skill level 4 in Invocations
  6435 | D:6      | Reached XP level 9. HP: 45/46 MP: 11/13
  6495 | D:6      | Reached ** piety under Fedhas
  6986 | D:7      | Reached skill level 5 in Invocations
  7164 | D:7      | Found a large runed translucent door.
  7165 | D:7      | Found a large runed translucent door.
  7217 | D:7      | Found a large runed translucent door.
  7217 | D:7      | Found a large runed translucent door.
  7596 | D:5      | Reached skill level 6 in Invocations
  7977 | D:6      | Reached skill level 7 in Invocations
  8165 | D:6      | Reached skill level 8 in Invocations
  8362 | D:7      | Noticed a troll
  8584 | D:7      | Found a runed translucent door.
  8585 | D:7      | Noticed Crazy Yiuf
  8772 | D:7      | Identified the staff of earth "Ceowycse" {Fly rN++ Str-5
                  | SInv}
  9108 | D:7      | Noticed a troll
  9376 | D:7      | Identified the amulet of Oenomania {Spirit Rampage}
  9491 | D:7      | Reached skill level 9 in Invocations
  9623 | D:8      | Found a staircase to the Lair.
  9629 | D:8      | Identified the +8 dagger of Maticruo {freeze, Dex+2}
  9658 | D:8      | Reached XP level 10. HP: 46/51 MP: 16/18
  9834 | D:7      | Reached *** piety under Fedhas
  9835 | D:7      | Reached skill level 10 in Invocations
 10423 | D:8      | Noticed Prince Ribbit
 10427 | D:8      | Noticed Maggie
 10472 | D:8      | Killed Prince Ribbit
 10643 | D:8      | Killed Maggie
 10644 | D:8      | Reached skill level 8 in Ranged Weapons
 11110 | D:8      | Reached skill level 9 in Ranged Weapons
 12590 | D:9      | Reached skill level 10 in Ranged Weapons
 12887 | D:9      | Found a staircase to the Orcish Mines.
 12958 | D:9      | Reached **** piety under Fedhas
 12970 | D:10     | Entered Level 10 of the Dungeon
 13034 | D:10     | Found Zauf's Book Shop.
 13128 | D:10     | Found Qotweytz's Antique Weapon Boutique.
 13363 | D:10     | Reached skill level 11 in Ranged Weapons
 13556 | D:10     | Identified 2 potions of resistance
 13629 | D:10     | Reached XP level 11. HP: 54/54 MP: 19/19
 13895 | D:10     | Found a runed translucent door.
 14057 | D:10     | Noticed drugrobin's ghost (journeyman DgDe)
 14199 | Lair:1   | Entered Level 1 of the Lair of Beasts
 14306 | Lair:1   | Reached skill level 12 in Ranged Weapons
 14354 | Lair:1   | Noticed Amaemon
 14369 | Lair:1   | Killed Amaemon
 14476 | Lair:1   | Noticed Erica
 14503 | Lair:1   | Killed Erica
 14504 | Lair:1   | Reached skill level 13 in Ranged Weapons
 14746 | Lair:1   | Noticed a death yak
 14748 | Lair:1   | Noticed a death yak
 14748 | Lair:1   | Noticed a death yak
 14750 | Lair:1   | Noticed a death yak
 14752 | Lair:1   | Noticed a death yak
 14753 | Lair:1   | Noticed a death yak
 14776 | Lair:1   | Killed a death yak
 14800 | Lair:1   | Killed a death yak
 14801 | Lair:1   | Reached skill level 14 in Ranged Weapons
 14842 | Lair:1   | Killed a death yak
 14852 | Lair:1   | Killed a death yak
 14891 | Lair:1   | Killed a death yak
 14892 | Lair:1   | Reached XP level 12. HP: 58/58 MP: 20/20
 14937 | Lair:1   | Killed a death yak
 14938 | Lair:1   | Reached skill level 15 in Ranged Weapons
 15492 | Lair:2   | Found a hole to the Spider Nest.
 15694 | Lair:2   | Found a staircase to the Shoals.
 15746 | Lair:2   | Reached skill level 16 in Ranged Weapons
 15757 | Lair:2   | Reached skill level 8 in Dodging
 15812 | Lair:2   | Reached skill level 9 in Dodging
 15872 | Lair:2   | Noticed Gastronok
 16251 | Lair:3   | Noticed Urug
 16293 | Lair:2   | Reached skill level 10 in Dodging
 16401 | Lair:3   | Killed Urug
 16402 | Lair:3   | Reached skill level 5 in Fighting
 16693 | Lair:3   | Noticed a death yak
 16695 | Lair:3   | Noticed a death yak
 16697 | Lair:3   | Noticed a death yak
 16697 | Lair:3   | Noticed a death yak
 16726 | Lair:3   | Killed a death yak
 16727 | Lair:3   | Reached skill level 6 in Fighting
 16758 | Lair:3   | Killed a death yak
 16783 | Lair:3   | Killed a death yak
 16784 | Lair:3   | Reached skill level 11 in Invocations
 16784 | Lair:3   | Reached XP level 13. HP: 65/65 MP: 22/22
 17533 | Lair:3   | Reached skill level 1 in Evocations
 17638 | Lair:4   | Reached ***** piety under Fedhas
 17683 | Lair:4   | Reached skill level 2 in Evocations
 17895 | Lair:4   | Reached skill level 3 in Evocations
 17959 | Lair:4   | Reached skill level 7 in Fighting
 17959 | Lair:4   | Reached skill level 12 in Invocations
 18208 | Lair:4   | Reached skill level 4 in Evocations
 18409 | Lair:5   | Entered Level 5 of the Lair of Beasts
 18451 | Lair:5   | Found a stormy altar of Qazlal.
 18703 | Lair:5   | Reached skill level 5 in Evocations
 19028 | Lair:5   | Reached skill level 6 in Evocations
 19040 | Lair:5   | Found a viscous altar of Jiyva.
 19041 | Lair:5   | Found a staircase to the Slime Pits.
 19072 | Lair:5   | Reached skill level 13 in Invocations
 19423 | Lair:5   | Noticed a dire elephant
 19447 | Lair:5   | Killed a dire elephant
 19604 | Lair:5   | Reached XP level 14. HP: 67/72 MP: 25/25
 19771 | Lair:5   | Reached skill level 8 in Fighting
 19891 | Lair:5   | Reached skill level 7 in Evocations
 19892 | Lair:5   | Found a corrupted altar of Lugonu.
 19892 | Lair:5   | Found a one-way gate to the infinite horrors of the Abyss.
 19915 | Lair:5   | Identified the +9 rapier "Exugheur" {venom, rElec rC+ rCorr
                  | SInv}
 20183 | Orc:1    | Entered Level 1 of the Orcish Mines
 20242 | Orc:1    | Noticed an orc warlord
 20259 | Orc:1    | Killed an orc warlord
 20444 | Orc:2    | Entered Level 2 of the Orcish Mines
 20985 | Orc:2    | Reached skill level 14 in Invocations
 21073 | Orc:2    | Reached skill level 8 in Evocations
 21294 | Orc:2    | Found Kakku's Armour Shop.
 21297 | Orc:2    | Found Meblaux's Armour Shop.
 21298 | Orc:2    | Found Qafeuv's Armour Shop.
 21299 | Orc:2    | Found Ucit's Armour Boutique.
 21310 | Orc:2    | Bought the +0 troll leather armour of Patterns {Will++
                  | Regen+ SInv} for 522 gold pieces
 21454 | Orc:2    | Found a staircase to the Elven Halls.
 21906 | D:11     | Noticed Snorg
 21966 | D:11     | Killed Snorg
 22092 | D:11     | Reached skill level 9 in Evocations
 22331 | D:11     | Noticed Erolcha
 22353 | D:11     | Killed Erolcha
 23113 | D:12     | Found a frozen archway.
 23157 | IceCv    | Entered an ice cave
 23174 | IceCv    | Reached skill level 9 in Stealth
 23374 | IceCv    | Reached skill level 10 in Evocations
 23495 | IceCv    | Reached skill level 10 in Stealth
 23794 | IceCv    | Identified a +1 leather armour of resistance
 23903 | IceCv    | Reached skill level 11 in Stealth
 23908 | IceCv    | Reached skill level 11 in Evocations
 24064 | D:12     | Reached XP level 15. HP: 78/78 MP: 26/26
 25009 | D:12     | Reached skill level 12 in Stealth
 25537 | D:13     | Reached skill level 12 in Evocations
 25854 | D:13     | Reached skill level 13 in Stealth
 26157 | D:13     | Reached skill level 13 in Evocations
 26207 | D:13     | Reached skill level 14 in Stealth
 26300 | D:13     | Reached skill level 9 in Fighting
 26320 | D:13     | Identified the scarf of Sunlight {rC+ rF+, Int+2}
 26341 | D:13     | Found a gate to the Vaults.
 26426 | D:14     | Noticed Azrael
 26942 | D:13     | Reached skill level 10 in Fighting
 27927 | D:14     | Reached skill level 15 in Invocations
 28197 | D:15     | Entered Level 15 of the Dungeon
 28253 | D:15     | Noticed Agnes
 28257 | D:15     | Mangled by Agnes

Vanquished Creatures
  Snorg (D:11)
  Erolcha (D:11)
  3 vault guards (D:13)
  A hydra (D:14)
  An ironbound frostheart (IceCv)
  4 centaur warriors
  A boulder beetle (Lair:4)
  Erica (Lair:1)
  A tengu warrior (D:14)
  4 two-headed ogres
  2 death knights
  12 death yaks
  3 orc high priests (Orc:2)
  Urug (Lair:3)
  A sun demon (D:13)
  A skyshark (Lair:2)
  2 soul eaters
  Amaemon (Lair:1)
  3 skeletal warriors
  A flayed ghost (D:13)
  A necromancer (D:13)
  A wizard (D:13)
  A wolf spider (D:14)
  6 orc knights (Orc:2)
  3 deep elf pyromancers
  9 ugly things
  2 manticores (D:14)
  5 cyclopes
  6 black mambas
  7 elephants
  2 smoke demons (D:14)
  10 cane toads
  4 gargoyles
  A kobold demonologist (D:14)
  An orange demon (Lair:1)
  2 yaktaurs (D:13)
  2 unseen horrors
  5 komodo dragons
  7 rime drakes
  A freezing wraith (D:14)
  An efreet (D:14)
  5 ice devils
  11 polar bears
  2 ancient zymes (Lair:5)
  4 trolls
  A red devil (D:14)
  A hellwing (D:14)
  10 blink frogs
  Prince Ribbit (D:8)
  4 dream sheep (Lair:4)
  5 slime creatures (D:13)
  A spriggan (Lair:5)
  A centaur simulacrum (D:14)
  18 humans (D:13)
  5 basilisks
  2 wraiths
  Eustachio (D:5)
  5 wyverns
  A large abomination (Lair:5)
  6 small abominations (Lair:5)
  62 yaks
  2 vampires (D:12)
  2 ynoxinuls
  A neqoxec (D:14)
  A fire elemental (D:13)
  2 steam dragons
  A redback (Lair:2)
  A vampire mosquito (D:14)
  5 chaos spawn
  Menkaure (D:5)
  A warg (Orc:1)
  Duvessa (D:4)
  4 acid dragons (D:12)
  Edmund (D:4)
  12 water moccasins
  2 ice beasts
  33 orc warriors
  4 black bears
  A boggart (D:14)
  18 wolves
  A wolf (shapeshifter) (D:13)
  8 centaurs
  11 ogres
  2 phantoms
  2 kobold brigands
  13 bullfrogs
  2 gnoll sergeants
  3 scorpions (D:5)
  10 wights
  Dowan (D:4)
  11 killer bees
  A howler monkey (D:5)
  3 electric eels
  4 jellies
  34 orc priests
  A gnoll bouda (D:7)
  3 hounds
  An iguana (D:5)
  20 orc wizards
  18 gnolls
  7 adders
  A shadow imp (D:8)
  2 white imps
  A dart slug (D:4)
  75 orcs
  3 ball pythons
  3 endoplasms
  2 giant cockroaches
  20 goblins
  12 hobgoblins
  5 jackals
  26 kobolds
  3 quokkas
  6 bats
  2 frilled lizards (D:1)
  7 rats
685 creatures vanquished.

Vanquished Creatures (collateral kills)
  An orc warlord (Orc:1)
  A dire elephant (Lair:5)
  2 centaur warriors
  An ironbound frostheart (IceCv)
  A two-headed ogre (D:14)
  3 thrashing horrors (Lair:5)
  2 orc high priests (Orc:2)
  A sixfirhy (D:13)
  2 phantasmal warriors (D:13)
  3 ugly things
  An orc sorcerer (Orc:1)
  2 elephants (Lair:5)
  A black mamba (shapeshifter) (Lair:5)
  2 black mambas
  An ice statue (IceCv)
  Maggie (D:8)
  A komodo dragon (Lair:3)
  An efreet (D:14)
  4 polar bears (IceCv)
  A ynoxinul (Lair:5)
  A wraith (D:13)
  4 yaks
  A wyvern (Lair:2)
  A vampire mosquito (D:13)
  4 water moccasins
  A warg (Orc:1)
  8 orc warriors
  2 centaurs (D:14)
  8 wolves
  A bullfrog (Lair:2)
  8 killer bees
  2 howler monkeys
  3 orc priests (Orc:2)
  A gnoll (D:7)
  9 orcs
  40 ballistomycete spores
126 creatures vanquished.

Vanquished Creatures (others)
  A golden eye (shapeshifter) (D:14)
  4 ballistomycete spores
5 creatures vanquished.

Grand Total: 816 creatures vanquished

Table legend: (Time is in decaauts)
 A = Elapsed time spent in this place.
 B = Non-inter-level travel time spent in this place.
 C = Inter-level travel time spent in this place.
 D = Time resting spent in this place.
 E = Time spent auto-exploring this place.
 F = Levels seen in this place.
 G = Mean time per level.
                   A        B        C        D        E       F      G
               +--------+--------+--------+--------+--------+-----+--------+
         Total |  19916 |  18776 |   1140 |   2163 |   9178 |  24 |  829.8 |
       Dungeon |  14197 |  13304 |    893 |   1703 |   6534 |  15 |  946.5 |
        Temple |      9 |      6 |      3 |      0 |      0 |   1 |    9.0 |
          Lair |   4039 |   3855 |    184 |    333 |   2021 |   5 |  807.8 |
  Orcish Mines |   1013 |    955 |     58 |     49 |    408 |   2 |  506.5 |
      Ice Cave |    656 |    656 |      0 |     77 |    214 |   1 |  656.0 |
               +--------+--------+--------+--------+--------+-----+--------+

Top non-repeatable levels by time:
     D:5: 1954 daAuts
     D:7: 1791 daAuts
     D:6: 1371 daAuts
     D:9: 1211 daAuts
  Lair:5: 1117 daAuts
     D:8: 1115 daAuts
    D:13: 1074 daAuts
    D:12: 999 daAuts
    D:14: 997 daAuts
  Lair:3: 908 daAuts
  Lair:1: 818 daAuts
    D:10: 783 daAuts
   Orc:2: 749 daAuts
    D:11: 731 daAuts
   IceCv: 656 daAuts

Table legend:
 A = Non-vault XP
 B = Vault XP
 C = Vault XP percentage of total XP
 D = Non-vault monster count
 E = Vault monster count
 F = Vault count percentage of total count
                 A         B        C        D         E       F
            +---------+---------+-------+---------+---------+-------
      Total |   83687 |   68932 |  45.2 |     484 |     288 |  37.3
            +---------+---------+-------+---------+---------+-------
        D:1 |      49 |       0 |   0.0 |      30 |       0 |   0.0
        D:2 |      58 |      12 |  17.1 |      19 |       6 |  24.0
        D:3 |      41 |      18 |  30.5 |      11 |       9 |  45.0
        D:4 |     159 |     373 |  70.1 |      14 |       3 |  17.6
        D:5 |    1223 |     578 |  32.1 |      23 |       3 |  11.5
        D:6 |    1049 |      70 |   6.3 |      26 |       1 |   3.7
        D:7 |    1722 |     443 |  20.5 |      28 |       6 |  17.6
        D:8 |    2143 |     981 |  31.4 |      29 |       5 |  14.7
        D:9 |     851 |     810 |  48.8 |      17 |      21 |  55.3
       D:10 |    1673 |       0 |   0.0 |      22 |       0 |   0.0
       D:11 |    3329 |    1819 |  35.3 |      13 |       2 |  13.3
       D:12 |    5253 |     692 |  11.6 |      21 |       2 |   8.7
       D:13 |   10341 |   12849 |  55.4 |      26 |      36 |  58.1
       D:14 |    9885 |   12281 |  55.4 |      20 |      29 |  59.2
     Lair:1 |   10884 |    2003 |  15.5 |      32 |       3 |   8.6
     Lair:2 |    5616 |     178 |   3.1 |      21 |       1 |   4.5
     Lair:3 |    9462 |     798 |   7.8 |      35 |       1 |   2.8
     Lair:4 |    7883 |       0 |   0.0 |      25 |       0 |   0.0
     Lair:5 |    7027 |   10031 |  58.8 |      19 |      36 |  65.5
      Orc:1 |    3614 |       0 |   0.0 |      32 |       0 |   0.0
      Orc:2 |    1425 |   11730 |  89.2 |      21 |      74 |  77.9
      IceCv |       0 |   13266 | 100.0 |       0 |      50 | 100.0
            +---------+---------+-------+---------+---------+-------
